 Dungeon Crawl Stone Soup version 0.29.1-13-g9f3cf754e1 (webtiles) character file.

Game seed: 7190224325734285127

60230 croobank the Cruncher (level 14, -25/101 HPs)
             Began as an Octopode Summoner on Feb 8, 2023.
             Was an Initiate of Gozag.
             Annihilated by an orc knight
             ... wielding a +0 great mace
              (36 damage)
             ... on level 2 of the Orcish Mines.
             The game lasted 01:32:59 (29277 turns).

croobank the Cruncher (Octopode Summoner)          Turns: 29277, Time: 01:32:59

Health: -25/101    AC:  7    Str: 26    XL:     14   Next: 98%
Magic:  23/28      EV: 22    Int: 37    God:    Gozag
Gold:   5233       SH:  5    Dex: 14    Spells: 8/33 levels left

rFire   + + .      SeeInvis .   n - +7 great mace "Firestarter" {inner flame, rF++}
rCold   . . .      Faith    .   (shield currently unavailable)
rNeg    . . .      Spirit   .   A - +2 hat {Int+3}
rPois   +          Reflect  +   z - amulet of reflection
rElec   .          Harm     .   o - +6 ring of intelligence
rCorr   .          Rampage  .   r - ring of poison resistance
Will    +....                   K - +6 ring of intelligence
Stlth   +++.......              O - +6 ring of strength
HPRegen 0.26/turn               L - +4 ring of evasion
MPRegen 0.21/turn               g - +4 ring of protection
                                s - ring of Gluttony {Str+6 Dex+2}
                                T - +6 ring of strength

@: gold aura
A: almost no armour, amphibious, 8 rings, camouflage 1, gelatinous body 1,
(nimble swimmer 1), tentacles
a: Renounce Religion, Potion Petition, Call Merchant, Bribe Branch


You were on level 2 of the Orcish Mines.
You worshipped Gozag.
Gozag was greatly pleased with you.
You visited 4 branches of the dungeon, and saw 22 of its levels.
You also visited: Sewer and Volcano.

You collected 5336 gold pieces.
You paid 103 gold pieces to Gozag.

Inventory:

Hand Weapons
 b - a +0 arbalest
 c - a +1 demon blade of flaming
 n - the +7 great mace "Firestarter" (weapon) {inner flame, rF++}
   (You found it on level 1 of the Lair of Beasts)

   It burns those it strikes, dealing additional fire damage.
   It fills those it strikes with an explosive inner flame.
   It grants immunity to clouds of flame.
   rF:        It greatly protects you from fire.
 x - the +9 scimitar of the Globe {vorpal, Str-2 Dex+7}
   (You found it in a sewer)

   It inflicts extra damage upon your enemies.
   Str:       It affects your strength (-2).
   Dex:       It affects your dexterity (+7).
 S - the +7 quarterstaff of Ravage {drain, rPois rC++ Int+3}
   (You found it on level 8 of the Dungeon)

   A truly terrible weapon, it drains the life of any living foe it strikes.
   Int:       It affects your intelligence (+3).
   rC:        It greatly protects you from cold.
   rPois:     It protects you from poison.
 X - a +1 morningstar of holy wrath
Missiles
 k - 3 throwing nets
 p - 3 atropa-tipped darts
Armour
 A - a +2 hat of intelligence (worn)
Jewellery
 a - a ring of protection from cold
 g - a +4 ring of protection (on tentacle)
 h - a ring of flight
 o - a +6 ring of intelligence (left tentacle)
 r - a ring of poison resistance (right tentacle)
 s - the ring of Gluttony (on tentacle) {Str+6 Dex+2}
   (You acquired it on level 8 of the Dungeon)

   [ring of strength]

   Str:       It affects your strength (+6).
   Dex:       It affects your dexterity (+2).
 z - an amulet of reflection (around mantle)
 G - a ring of wizardry
 K - a +6 ring of intelligence (on tentacle)
 L - a +4 ring of evasion (on tentacle)
 O - a +6 ring of strength (on tentacle)
 T - a +6 ring of strength (on tentacle)
 Z - a +4 ring of protection
Wands
 w - a wand of digging (8)
 B - a wand of flame (24)
 M - a wand of charming (14)
 N - a wand of iceblast (5)
Scrolls
 e - a scroll of silence
 f - 8 scrolls of blinking
 i - 6 scrolls of teleportation
 v - 4 scrolls of amnesia
 y - 2 scrolls of enchant weapon
 C - 2 scrolls of magic mapping
 D - 4 scrolls of butterflies
 F - 3 scrolls of fear
 H - 6 scrolls of enchant armour
 P - 3 scrolls of vulnerability
 U - 7 scrolls of identify
 W - 3 scrolls of immolation
Potions
 d - 4 potions of invisibility
 j - 3 potions of resistance
 l - 6 potions of curing
 m - 2 potions of magic
 q - a potion of heal wounds
 u - 7 potions of brilliance
 E - 5 potions of lignification
 I - 2 potions of might
 J - 4 potions of ambrosia
 Q - 3 potions of berserk rage
 R - 3 potions of haste
 V - 4 potions of mutation
 Y - 3 potions of attraction
Miscellaneous
 t - a phial of floods


   Skills:
 + Level 11.2 Fighting
 + Level 13.3 Staves
 + Level 11.4 Dodging
 - Level 2.7 Stealth
 - Level 10.0 Spellcasting
 - Level 5.0 Hexes
 - Level 10.0 Summonings
 - Level 7.0 Air Magic


You had 8 spell levels left.
You knew the following spells:

 Your Spells              Type           Power      Damage    Failure   Level
a - Summon Small Mammal   Summ           100%       N/A       1%          1
b - Call Imp              Summ           75%        N/A       1%          2
c - Call Canine Familiar  Summ           75%        N/A       1%          3
d - Summon Guardian Gole  Hex/Summ       65%        N/A       1%          3
e - Summon Lightning Spi  Summ/Air       69%        N/A       1%          4
f - Blink                 Tloc           36%        N/A       3%          2
g - Beastly Appendage     Tmut           36%        N/A       2%          1
h - Silence               Hex/Air        29%        N/A       4%          5
i - Airstrike             Air            31%        2d(5-21)  1%          4

Your spell library contained the following spells:

 Spells                   Type           Power      Damage    Failure   Level
 Shock                    Conj/Air       100%       1d9       1%          1
 Swiftness                Air            63%        N/A       1%          3
 Freeze                   Ice            72%        1d9       2%          1
 Magic Dart               Conj           72%        1d6       2%          1
 Sandblast                Erth           36%        2d10      2%          1
 Dazzling Flash           Conj/Hex       74%        N/A       2%          3
 Mephitic Cloud           Conj/Pois/Air  35%        N/A       2%          3
 Summon Ice Beast         Ice/Summ       53%        N/A       2%          4
 Summon Mana Viper        Hex/Summ       65%        N/A       2%          5
 Passwall                 Tmut/Erth      15%        N/A       3%          2
 Sublimation of Blood     Necr           18%        N/A       3%          2
 Wereblood                Tmut           18%        N/A       3%          2
 Frozen Ramparts          Ice            36%        1d6       6%          3
 Gell's Gravitas          Tloc           18%        N/A       6%          3
 Lesser Beckoning         Tloc           18%        N/A       6%          3
 Spider Form              Tmut/Pois      18%        N/A       6%          3
 Stone Arrow              Conj/Erth      36%        3d9       6%          3
 Teleport Other           Tloc           18%        N/A       6%          3
 Fulminant Prism          Conj/Hex       18%        3d11      8%          4
 Dispel Undead            Necr           18%        3d11      22%         4
 Hailstorm                Conj/Ice       18%        3d6       22%         4
 Iskenderun's Mystic Bla  Conj/Tloc      18%        2d6       22%         4
 Petrify                  Tmut/Erth      18%        N/A       22%         4
 Monstrous Menagerie      Summ           37%        N/A       30%         7
 Agony                    Necr           18%        N/A       52%         5
 Blade Hands              Tmut           9%         N/A       52%         5
 Irradiate                Conj/Tmut      9%         3d14      52%         5
 Lee's Rapid Deconstruct  Erth           9%         3d8*      52%         5
 Manifold Assault         Tloc           18%        N/A       52%         5
 Malign Gateway           Summ/Tloc      26%        N/A       93%         7
 Summon Horrible Things   Summ           37%        N/A       93%         8
 Death Channel            Necr           9%         N/A       97%         6
 Iron Shot                Conj/Erth      9%         9d3       97%         6
 Animate Armour           Summ/Erth      Unusable   N/A       N/A         4
 Corpse Rot               Necr/Pois/Air  Unusable   N/A       N/A         4

Dungeon Overview and Level Annotations

Branches:
Dungeon (14/15)            Temple (1/1) D:4            Lair (5/5) D:9
 Shoals (0/4) Lair:2       Spider (0/4) Lair:3        Slime (0/5) Lair:4
    Orc (2/2) D:9             Elf (0/3) Orc:2         Sewer (visited)
Volcano (visited)
 Vaults: D:13-14

Altars:
Ashenzari
Cheibriados
Dithmenos
Elyvilon
Fedhas
Gozag
Hepliaklqana
Kikubaaqudgha
Makhleb
Nemelex Xobeh
Okawaru
Qazlal
Ru
Sif Muna
Trog
Uskayaw
Vehumet
Wu Jian
Xom
Yredelemnul
Zin
The Shining One
Jiyva

Shops:
D:4 *   D:5 ?   D:9 [   D:12 *   D:14 *

Annotations:
D:10 4 runed translucent doors, y3s's ghost, journeyman HuCA
Lair:3 3 runed translucent doors, 0gre's ghost, journeyman GnIE


Innate Abilities, Weirdness & Mutations

You cannot wear most types of armour.
You are amphibious.
You can wear up to eight rings at the same time.
Your skin changes colour to match your surroundings (Stealth+).
Your rubbery body absorbs attacks. (AC +1, EV +1)
((You are camouflaged when in or above water. (Stealth+)))
You have tentacles for arms and can constrict up to eight enemies at once.


Message History

The orc shouts!
You hear a shout!
You bludgeon the orc!! You burn the orc.
You kill the orc!
You hear a shout!
The orc is no longer distracted by gold.
The orc priest is distracted by your dazzling golden aura.
An orc warrior comes into view. It is wielding a +0 short sword.
The orc warrior is distracted by your dazzling golden aura.
The orc knight hits you with a +0 great mace!
Things that are here:
7 gold pieces; a +0 flail The orc knight attacks as you move away!
You block the orc knight's attack.
The orc priest is distracted by your dazzling golden aura.
The orc warrior shouts!
The orc priest shouts!
You sock the orc knight! You burn the orc knight.
The orc knight is filled with an inner flame.
Your grab misses the orc knight.
The orc knight is moderately wounded.
You hear a shout!
The orc priest is no longer distracted by gold.
The orc knight completely misses you.
The orc warrior is distracted by your dazzling golden aura.
The orc warrior barely misses you.
The orc warrior shouts!
You hit the orc knight.
Flame seeps out of the orc knight.
You burn the orc knight.
Flame seeps out of the orc knight.
Your grab misses the orc knight. Your squeeze misses the orc knight.
The orc knight is moderately wounded.
You hear a shout!
The orc high priest mumbles some strange prayers to Beogh.
The orc knight is engulfed in blazing flames.
Flame seeps out of the orc knight.
You block the orc knight's attack.
The orc warrior hits you from afar with a +0 glaive!!!
* * * LOW HITPOINT WARNING * * *
An orc warrior comes into view. It is wielding a +0 glaive.
The orc knight attacks as you move away!
The orc knight hits you with a +0 great mace!!!
You die...
Your body crumbles into a pile of gold.

### #.# ####### ..#
###.....### #.
..####.........### ..o
..##.............## ...
..#...............### ..
..#.#.#.#.#.#.#.#°#§#o#o#.#
.................°o.o.oo...
................@o#$#......
...........$.......4ooo....
#.#8#.#.#.#.#.#.#.#.#.#.#.#
###$.............$###.....o
# ##.............## ....o
#.####.........### ##...
..# ###.....### ## ..#
####### ###


You could see 2 orc knights, an orc high priest (strong), a red devil
(summoned), 5 orc warriors and 2 orc priests.

Vanquished Creatures
  Snorg (Lair:4)
  An ogre mage (Orc:1)
  A merfolk avatar (Lair:5)
  An orc high priest (Orc:2)
  2 sea snakes (Lair:5)
  A harpy (Lair:5)
  An orc knight (Orc:2)
  An orc sorcerer (Orc:1)
  2 salamanders (Volcano)
  2 black mambas
  A rime drake (Lair:5)
  2 komodo dragons (Lair:5)
  3 cane toads
  A troll (Orc:2)
  7 blink frogs
  10 yaks
  A wraith (D:11)
  2 fire bats (Volcano)
  2 steam dragons (Lair:5)
  4 water moccasins
  A floating eye (Orc:1)
  3 orc warriors (Orc:2)
  3 ogres (D:3)
  7 wolves
  The ghost of flickminster the Insei, an amateur DsTm (D:3)
  A phantom (D:3)
  7 bullfrogs
  A scorpion (Lair:3)
  2 howler monkeys (D:8)
  2 electric eels (D:9)
  2 orc priests
  3 orc wizards
  3 adders
  17 orcs
  3 bats
  3 endoplasms
  3 giant cockroaches
  2 goblins (D:2)
  4 hobgoblins
  4 kobolds
  2 quokkas
  4 frilled lizards
  5 rats
  A bush (Lair:5)
130 creatures vanquished.

Vanquished Creatures (collateral kills)
  Fannar (D:12)
  Harold (Lair:2)
  A boulder beetle (Lair:3)
  A hydra (Lair:1)
  2 ogre magi
  4 two-headed ogres
  8 death yaks
  Amaemon (Lair:1)
  A sea snake (Lair:5)
  An orc knight (Orc:2)
  2 cyclopes
  5 elephants
  3 black mambas
  A merfolk siren (Lair:2)
  2 torpor snails (Lair:5)
  An orange demon (Lair:1)
  6 cane toads
  An unseen horror (D:10)
  2 rime drakes (Lair:5)
  4 komodo dragons
  3 trolls
  2 polar bears
  4 hornets
  A wind drake (Lair:5)
  6 dream sheep (Lair:5)
  12 blink frogs
  7 basilisks
  A fire bat (Volcano)
  A wraith (D:11)
  3 wyverns
  23 yaks
  Grum (D:10)
  2 steam dragons
  A floating eye (Orc:1)
  10 water moccasins
  2 acid dragons
  A hell hound (Volcano)
  10 orc warriors
  A sky beast (D:6)
  4 centaurs
  7 ogres
  16 wolves
  2 phantoms
  3 kobold brigands
  A necrophage (D:6)
  8 bullfrogs
  5 scorpions
  A howler monkey (D:8)
  2 jellies
  4 crimson imps (D:9)
  18 orc priests
  4 hounds
  3 iguanas
  11 orc wizards
  6 gnolls
  7 adders
  A white imp (D:8)
  8 worms
  2 dart slugs (D:4)
  50 orcs
  4 endoplasms
  A giant cockroach (Lair:3)
  5 hobgoblins
  2 jackals (D:1)
  17 kobolds
  3 quokkas
  5 ball pythons
  4 bats
  7 frilled lizards (Sewer)
  3 goblins
  5 rats (D:3)
358 creatures vanquished.

Vanquished Creatures (others)
  3 hydras
  2 cyclopes
  An elephant (Lair:5)
  4 cane toads
  A torpor snail (Lair:2)
  2 komodo dragons
  A troll (D:9)
  3 hornets (Orc:1)
  A polar bear (Lair:5)
  A blink frog (Lair:5)
  8 yaks
  A basilisk (Lair:4)
  A warg (Orc:2)
  4 orc warriors
  3 wolves
  2 centaurs
  An orc priest (Orc:2)
  A gnoll bouda (D:6)
  A jelly (D:6)
  An iguana (D:6)
  3 gnolls (D:6)
  5 orcs
  2 bushes (Lair:5)
  52 fungi
  65 plants
169 creatures vanquished.

Grand Total: 657 creatures vanquished

Notes
Turn   | Place    | Note
-------+----------+-------------------------------------------
     0 | D:1      | croobank the Octopode Summoner began the quest for the Orb.
     0 | D:1      | Reached XP level 1. HP: 11/11 MP: 3/3
   465 | D:1      | Reached XP level 2. HP: 18/18 MP: 1/5
   468 | D:1      | Learned a level 2 spell: Call Imp
   564 | D:1      | Found a faded altar of an unknown god.
  1644 | D:2      | Reached skill level 1 in Fighting
  1644 | D:2      | Reached XP level 3. HP: 23/23 MP: 2/6
  1648 | D:2      | Learned a level 3 spell: Call Canine Familiar
  1914 | D:2      | Found a broken altar of Ashenzari.
  2467 | D:2      | Reached XP level 4. HP: 28/28 MP: 1/7
  3429 | D:3      | Found a transporter.
  3431 | D:3      | Noticed an ogre
  3433 | D:3      | Noticed flickminster's ghost (amateur DsTm)
  3439 | D:3      | Noticed an ogre
  3440 | D:3      | Found a transporter.
  3440 | D:3      | Noticed an ogre
  3587 | D:3      | Found a glowing drain.
  3596 | Sewer    | Entered a sewer
  3983 | Sewer    | Reached XP level 5. HP: 31/34 MP: 9/9
  4140 | Sewer    | Identified the +9 scimitar of the Globe {vorpal, Str-2
                  | Dex+7}
  4150 | Sewer    | Reached skill level 5 in Summonings
  4150 | Sewer    | Reached XP level 6. HP: 25/41 MP: 2/11
  4502 | D:3      | Found a radiant altar of Vehumet.
  4650 | D:3      | Learned a level 3 spell: Summon Guardian Golem
  5690 | D:4      | Reached skill level 1 in Hexes
  5758 | D:4      | Found Feimumoq's Elemental Accessories.
  6032 | D:4      | Found a hide-covered altar of Uskayaw.
  6075 | D:4      | Reached XP level 7. HP: 15/46 MP: 3/12
  6468 | D:4      | Found a staircase to the Ecumenical Temple.
  6776 | D:5      | Entered Level 5 of the Dungeon
  7018 | D:5      | Found Dilaneo's Magic Scroll Shoppe.
  7498 | D:5      | Reached XP level 8. HP: 52/54 MP: 3/14
  7891 | D:5      | Found a blossoming altar of Fedhas.
  8004 | Temple   | Entered the Ecumenical Temple
  8012 | Temple   | Became a worshipper of Gozag Ym Sagoz the Greedy
  8369 | D:6      | Learned a level 4 spell: Summon Lightning Spire
  8458 | D:6      | Reached skill level 1 in Air Magic
  8735 | D:6      | Found an ancient bone altar of Kikubaaqudgha.
  8776 | D:6      | Reached skill level 5 in Dodging
  9026 | D:6      | Learned a level 2 spell: Blink
  9931 | D:7      | Reached skill level 5 in Spellcasting
  9931 | D:7      | Reached XP level 9. HP: 59/59 MP: 3/16
 10574 | D:7      | Reached skill level 5 in Fighting
 11334 | D:8      | Identified 2 scrolls of acquirement
 11334 | D:8      | Acquired a +4 ring of protection
 11336 | D:8      | Acquired the ring of Gluttony {Str+6 Dex+2}
 11785 | D:8      | Identified the +7 quarterstaff of Ravage {drain, rPois rC++
                  | Int+3}
 11853 | D:8      | Found a bloodstained altar of Trog.
 12375 | D:8      | Reached skill level 1 in Staves
 12813 | D:9      | Noticed a troll
 12825 | D:9      | Killed a troll
 12829 | D:9      | Reached skill level 2 in Staves
 12853 | D:9      | Noticed a hornet
 12883 | D:9      | Killed a hornet
 12884 | D:9      | Reached XP level 10. HP: 67/67 MP: 4/18
 12887 | D:9      | Noticed a cyclops
 12891 | D:9      | Killed a cyclops
 12892 | D:9      | Reached skill level 3 in Staves
 12913 | D:9      | Found a staircase to the Orcish Mines.
 12955 | D:9      | Reached skill level 5 in Hexes
 13011 | D:9      | Reached skill level 5 in Air Magic
 13038 | D:9      | Reached skill level 4 in Staves
 13135 | D:9      | Noticed a two-headed ogre
 13145 | D:9      | Killed a two-headed ogre
 13249 | D:9      | Found a staircase to the Lair.
 13299 | D:9      | Noticed a cyclops
 13305 | D:9      | Killed a cyclops
 13306 | D:9      | Reached skill level 5 in Staves
 13459 | D:9      | Reached XP level 11. HP: 60/74 MP: 11/20
 13618 | D:9      | Found a sparkling altar of Nemelex Xobeh.
 13737 | D:9      | Found Margaret's Dragon-Slaying Spoils.
 13852 | D:9      | Found a shimmering altar of Xom.
 14116 | D:10     | Entered Level 10 of the Dungeon
 14451 | D:10     | Noticed a cyclops
 14483 | D:10     | Killed a cyclops
 14782 | D:10     | Found a snail-covered altar of Cheibriados.
 14813 | D:10     | Reached skill level 6 in Staves
 15170 | D:10     | Found a runed translucent gate.
 15170 | D:10     | Found a runed translucent gate.
 15170 | D:10     | Found a runed translucent gate.
 15171 | D:10     | Noticed y3s's ghost (journeyman HuCA)
 15216 | D:10     | Found a runed translucent door.
 15216 | D:10     | Noticed an ogre mage
 15222 | D:10     | Killed an ogre mage
 15500 | D:10     | Noticed Grum
 15509 | D:10     | Killed Grum
 15793 | D:10     | Noticed a stone giant
 15794 | D:10     | Identified the amulet "Voruc" {Regen+ Dex+5}
 15794 | D:10     | Noticed an orc knight
 16154 | D:11     | Noticed an eight-headed hydra
 16155 | D:11     | Noticed a two-headed ogre
 16162 | D:11     | Killed an eight-headed hydra
 16174 | D:11     | Killed a two-headed ogre
 16488 | D:11     | Reached skill level 7 in Staves
 16800 | D:11     | Found a sacrificial altar of Ru.
 17081 | D:12     | Found Feppuipt's General Store.
 17216 | D:12     | Noticed Fannar
 17233 | D:12     | Killed Fannar
 17355 | D:12     | Noticed a cyclops
 17384 | D:12     | Killed a cyclops
 17830 | D:14     | Found Tuuhuzio's Assorted Antiques.
 17858 | D:13     | Noticed a centaur warrior
 17941 | D:9      | Learned a level 1 spell: Beastly Appendage
 17947 | D:9      | Learned a level 5 spell: Silence
 17948 | Lair:1   | Entered Level 1 of the Lair of Beasts
 17949 | Lair:1   | Identified the +1 ring mail of Usia {Str+3}
 17965 | Lair:1   | Found the +7 great mace "Firestarter" {inner flame, rF++}
 17999 | Lair:1   | Noticed Amaemon
 18014 | Lair:1   | Reached XP level 12. HP: 72/81 MP: 9/22
 18230 | Lair:1   | You are sucked into a shaft and drop 1 floor!
 18338 | Lair:2   | Noticed an eight-headed hydra
 18346 | Lair:2   | Killed an eight-headed hydra
 18556 | Lair:2   | Reached skill level 8 in Staves
 18894 | Lair:2   | Noticed Harold
 18948 | Lair:1   | Killed Amaemon
 19039 | Lair:1   | Noticed a five-headed hydra
 19043 | Lair:1   | Killed a five-headed hydra
 19667 | Lair:1   | Noticed a death yak
 19668 | Lair:1   | Noticed a death yak
 19668 | Lair:1   | Noticed a death yak
 19669 | Lair:1   | Noticed a death yak
 19670 | Lair:1   | Noticed a death yak
 19678 | Lair:1   | Killed a death yak
 19680 | Lair:1   | Killed a death yak
 19681 | Lair:1   | Reached skill level 9 in Staves
 19682 | Lair:1   | Noticed a death yak
 19690 | Lair:1   | Killed a death yak
 19691 | Lair:1   | Killed a death yak
 19694 | Lair:1   | Killed a death yak
 19703 | Lair:1   | Killed a death yak
 19704 | Lair:1   | Reached XP level 13. HP: 89/89 MP: 7/25
 20474 | Lair:2   | Identified the +0 pair of gloves "Juciff" {rC+ Will-
                  | Regen+}
 20564 | Lair:2   | Found a staircase to the Shoals.
 21149 | Lair:2   | Reached skill level 10 in Staves
 21156 | Lair:2   | Reached skill level 10 in Summonings
 21492 | Lair:2   | Killed Harold
 21850 | Lair:3   | Found a hole to the Spider Nest.
 22011 | Lair:3   | Found a dark tunnel.
 22042 | Volcano  | Entered a volcano
 22455 | Volcano  | Learned a level 4 spell: Airstrike
 23051 | Lair:3   | Found a runed translucent gate.
 23068 | Lair:3   | Noticed 0gre's ghost (journeyman GnIE)
 23128 | Lair:3   | Found a runed translucent gate.
 23128 | Lair:3   | Found a runed translucent gate.
 23945 | Lair:4   | Reached skill level 11 in Staves
 24078 | Lair:4   | Noticed Snorg
 24097 | Lair:4   | Killed Snorg
 24723 | Lair:4   | Found a staircase to the Slime Pits.
 24739 | Lair:4   | Found a viscous altar of Jiyva.
 25151 | Lair:5   | Entered Level 5 of the Lair of Beasts
 25165 | Lair:5   | Reached skill level 10 in Dodging
 25215 | Lair:5   | Reached XP level 14. HP: 98/98 MP: 19/27
 25396 | Lair:5   | Reached skill level 10 in Fighting
 25403 | Lair:5   | Reached skill level 12 in Staves
 26079 | Lair:5   | Reached skill level 10 in Spellcasting
 27344 | D:3      | Killed flickminster's ghost
 27677 | Orc:1    | Entered Level 1 of the Orcish Mines
 27880 | Orc:1    | Paralysed by a floating eye for 3 turns
 27885 | Orc:1    | Reached skill level 13 in Staves
 28603 | Orc:2    | Entered Level 2 of the Orcish Mines
 28645 | Orc:2    | Found a staircase to the Elven Halls.
 29277 | Orc:2    | Annihilated by an orc knight

Illustrated notes

Levels and vault maps discovered:
D:1:      lightli_arrival_quake, layout_loops_ring,
          chequers_ecumenical_altar_island, minmay_misc_feat_tiny
D:2:      layout_loops_corners, basic_altar, serial_co_window_serial,
          co_window_corner_a, co_window_paths_a, co_window_corner_a,
          co_window_corner_a, co_window_of_opportunity_a, co_window_paths_a,
          co_window_cross_1, co_window_paths_b, co_window_of_opportunity_a,
          co_window_corner_b, co_window_of_opportunity_b, co_window_broadway_c,
          co_window_paths_c, co_window_corner_b, co_window_paths_d,
          glass_columns_b, glass_columns_a, st_stairs_12,
          chequers_serial_rivers_micro_b
D:3:      layout_loops_ring, fiery_altar_vehumet, gammafunk_ghost_smash,
          portal_sewer_entry_b, dreamdust_princess_corridor
D:4:      layout_cave_pools, mainiacjoe_overflow_six_doors_small,
          minmay_temple_entry_from_below_a, nicolae_elemental_shop
D:5:      layout_gridville, fedhas_altar_fruit_tree, serial_shops, shop,
          guppyfry_early_orc_mine
D:6:      layout_gridville, nicolae_kikubaaqudgha_miasma_corner,
          roderic_serpentine_path, dk_vineyard_1
D:7:      layout_cave_pools, serial_park_tiny_2
D:8:      layout_loops_ring, mainiacjoe_overflow_catwalk
D:9:      layout_cave_pools, led_xom_imps, nemelex_spade_bored_becter,
          erik_lair_island, nicolae_shop_dragon_depot
D:10:     layout_basic, cheibriados_altar_1, gammafunk_ghost_spectres,
          minivault_13, uniq_grum
D:11:     layout_loops_ring, gauntlet_entry_generic, nicolae_ru_path_of_blood
D:12:     layout_cross, serial_shops, shop_statue, uniq_fannar
D:13:     layout_loops_ring, serial_rivers, chequers_serial_rivers_large_b,
          chequers_serial_rivers_room_b, chequers_serial_rivers_micro_e,
          chequers_serial_rivers_marsh, chequers_serial_rivers_micro_a,
          chequers_serial_rivers_large_a, minmay_hollow_rounded_squares
D:14:     doesnt_quadruple_sword, layout_irregular_city,
          lightli_vaults_fourway_checkpoint, serial_shops, nicolae_shop_crystal,
          nicolae_qazlal_style_of_elements, uniq_agnes
Temple:   nicolae_temple_great_sept
Lair:1:   wander_river, layout_concentric_octagons, uniq_amaemon
Lair:2:   layout_roguey, minmay_shoals_entry_lonely_mermaid,
          minmay_shattered_shrine, uniq_harold
Lair:3:   layout_concentric_octagons, nicolae_spider_entry_non_spiders,
          nicolae_volcano_entry_lava_flow, gammafunk_ghost_split,
          grunt_forest_small_clearings, st_stairs_12
Lair:4:   layout_hall_layers, slime_entry_1, uniq_snorg
Lair:5:   gammafunk_lair_ancient_temple, layout_loops_ring
Orc:1:    hellmonk_paralyzer, layout_diamond_mine, basic_altar
Orc:2:    st_orc_pillars, layout_caves

Skill      XL: |  1  2  3  4  5  6  7  8  9 10 11 12 13 14 |
---------------+-------------------------------------------+-----
Fighting       | 1 2 3 4 5 6 7 8 9 11 | 11.2
Dodging        | 3 4 5 6 7 8 10 11 | 11.4
Spellcasting   | 3 4 5 6 7 8 9 10 | 10.0
Summonings     | 5 6 7 8 9 10 | 10.0
Hexes          | 1 2 3 4 5 |  5.0
Air Magic      | 2 4 5 6 7 |  7.0
Staves         | 2 5 7 9 11 13 | 13.3
Stealth        | |  2.7

Action                   |  1- 3 |  4- 6 |  7- 9 | 10-12 | 13-15 || total
-------------------------+-------+-------+-------+-------+-------++-------
Melee: Unarmed           |     8 |       |       |       |       ||     8
       Constrict         |     6 |    13 |    10 |    13 |    23 ||    65
       Tentacles         |     6 |    10 |    18 |     7 |    25 ||    66
       Dagger            |    19 |    64 |    46 |       |       ||   129
       Punch             |       |     1 |     1 |     1 |     1 ||     4
       Quarterstaff      |       |       |    12 |    46 |    21 ||    79
       Kick              |       |       |       |     4 |       ||     4
       Great mace        |       |       |       |       |    96 ||    96
 Cast: Summon Small Mamm |    31 |    43 |    48 |    14 |    14 ||   150
       Call Imp          |    12 |    24 |    21 |     9 |     9 ||    75
       Call Canine Famil |     4 |    24 |    36 |    32 |    39 ||   135
       Summon Guardian G |       |     3 |    20 |    31 |    53 ||   107
       Summon Lightning  |       |       |    15 |    52 |    90 ||   157
       Beastly Appendage |       |       |       |     1 |     1 ||     2
       Airstrike         |       |       |       |       |     6 ||     6
       Blink             |       |       |       |       |     1 ||     1
Evoke: Wand              |       |       |       |     4 |     1 ||     5
  Use: Scroll            |       |    11 |    13 |     5 |     3 ||    32
       Potion            |       |     2 |     1 |     1 |     1 ||     5
 Stab: Sleeping          |     8 |     5 |     2 |       |     1 ||    16
       Distracted        |       |       |       |       |     2 ||     2
Armor: Skin              |     6 |     6 |     6 |     6 |    14 ||    38
Dodge: Dodged            |    25 |    50 |    57 |    76 |   129 ||   337
Block: Other             |       |       |    16 |    18 |    23 ||    57
       Reflection        |       |       |     2 |     3 |       ||     5
